 Dungeon Crawl Stone Soup version 0.25-a0-516-g7d600cd9ad (webtiles) character file.

Game seed: 1699427867051745389, levelgen mode: deterministic

2544 Emblim88 the Nimble (level 9, -3/46 HPs)
             Began as a Spriggan Abyssal Knight on Feb 17, 2020.
             Was a Priest of Lugonu.
             Slain by a gnoll sergeant
             ... wielding a +0 trident
              (14 damage)
             ... on level 7 of the Dungeon.
             The game lasted 00:24:41 (7766 turns).

Emblim88 the Nimble (Spriggan Abyssal Knight)       Turns: 7766, Time: 00:24:42

Health: -3/46      AC:  5    Str: 10    XL:     9   Next: 30%
Magic:  12/14      EV: 29    Int: 14    God:    Lugonu [***...]
Gold:   414        SH:  0    Dex: 20    Spells: 7/8 levels left

rFire    . . .     SeeInvis +   j - +0 long sword
rCold    . . .     Gourm    .   (shield restricted)
rNeg     . . .     Faith    .   b - +0 robe
rPois    +         Spirit   .   (helmet restricted)
rElec    .         Reflect  .   E - +2 cloak {rPois}
rCorr    .         Harm     .   (gloves unavailable)
MR       ++...                  (boots unavailable)
Stlth    ++........             e - amulet of rage
HPRegen  0.15/turn              h - +4 ring of dexterity
MPRegen  0.14/turn              v - ring of protection from magic

@: very quick
A: very small, unfitting armour, see invisible, herbivore, speed 3, slow
metabolism 2
a: Depart the Abyss, Bend Space, Banish, Renounce Religion, Evoke Berserk Rage


You were on level 7 of the Dungeon.
You worshipped Lugonu.
Lugonu was most pleased with you.
You were very hungry.

You visited 1 branch of the dungeon, and saw 8 of its levels.
You visited the Abyss 1 time.

You collected 661 gold pieces.
You spent 247 gold pieces at shops.

Inventory:

Hand Weapons
 j - a +0 long sword (weapon)
 l - a +2 dagger of venom
Missiles
 k - 10 boomerangs (quivered)
 m - 227 stones
 w - 4 datura-tipped darts
Armour
 b - a +0 robe (worn)
 E - a +2 cloak of poison resistance (worn)
Jewellery
 e - an amulet of rage (around neck)
 h - a +4 ring of dexterity (left hand)
 v - a ring of protection from magic (right hand)
 x - an uncursed ring of flight
Wands
 D - a wand of iceblast (4)
Scrolls
 a - a scroll of acquirement {unknown}
 f - 4 scrolls of noise
 n - 9 scrolls of teleportation
 o - a scroll of magic mapping
 p - 2 scrolls of immolation
 t - a scroll of fear
 y - a scroll of enchant weapon {unknown}
 B - 5 scrolls of remove curse
 C - a scroll of amnesia
 G - 3 scrolls of identify
Potions
 d - 3 potions of mutation
 g - 2 potions of cancellation
 i - 3 potions of lignification
 q - 2 potions of brilliance
 r - a potion of heal wounds
 s - a potion of flight
 u - 10 potions of curing
 z - a potion of resistance
 A - a potion of might
 F - 3 potions of haste
 H - a potion of degeneration {unknown}
Comestibles
 c - 13 rations


   Skills:
 + Level 4.5 Fighting
 + Level 5.4 Long Blades
 + Level 11.5 Dodging
 * Level 4.5 Invocations
 - Level 5.4 Evocations


You had 7 spell levels left.
You knew the following spells:

 Your Spells              Type           Power        Failure   Level  Hunger
a - Corona                Hex            #......      28%         1    ##.....

Your spell library contained the following spells:

 Spells                   Type           Power        Failure   Level  Hunger
 Animate Skeleton         Necr           N/A          28%         1    ##.....
 Apportation              Tloc           #.....       28%         1    ##.....
 Summon Small Mammal      Summ           #...         28%         1    ##.....


Dungeon Overview and Level Annotations

Branches:
Dungeon (8/15)             Temple (0/1) D:7
   Lair: D:8-11

Altars:
Ashenzari
Nemelex Xobeh
Ru
Sif Muna
Vehumet
Xom
The Shining One

Shops:
D:6 %   D:8 *

Annotations:
D:4 3 runed translucent doors, Kohma's ghost, amateur DrIE


Innate Abilities, Weirdness & Mutations

You are very small and have problems with some larger weapons.
You are too small for most types of armour.
You have supernaturally acute eyesight. (SInv)
You are a herbivore.
You cover ground extremely quickly.
You need to consume almost no food.


Message History

Press: ? - help, Shift-Dir - straight line, f/p - gnoll sergeant
Aim: a gnoll sergeant, wielding a +0 trident, wearing a +0 scale mail and wearing a +0 buckler (translocational energy, severely wounded)
You throw a boomerang.
The boomerang hits the gnoll sergeant but does no damage.
The gnoll sergeant is severely wounded.
Throwing (i - inventory. (/) - cycle)
k - 10 boomerangs (quivered)
Press: ? - help, Shift-Dir - straight line, f/p - gnoll sergeant
Aim: a gnoll sergeant, wielding a +0 trident, wearing a +0 scale mail and wearing a +0 buckler (severely wounded)
You throw a boomerang.
The boomerang hits the gnoll sergeant but does no damage.
The gnoll sergeant is severely wounded.
Throwing (i - inventory. (/) - cycle)
k - 10 boomerangs (quivered)
Press: ? - help, Shift-Dir - straight line, f/p - gnoll sergeant
Aim: a gnoll sergeant, wielding a +0 trident, wearing a +0 scale mail and wearing a +0 buckler (severely wounded)
You throw a boomerang.
The boomerang barely misses the gnoll sergeant.
The gnoll sergeant barely misses you. Space bends around you!
You blink.
The gnoll sergeant hits you from afar with a +0 trident!
You die...

## #.##....................######
#.##.####...........)..........<#
...................).............
#..###.#..............###########
.......#..#.........÷.#
.......#..............#
.........#......###...###########
..............#...g.§.)..........
......>.........@#....####..#####
................##.##..####...##
..#......####.......##....g....#
#####....# #..###.>..#######..#
##...## #......##[....# #... #
#....# ###..###...##..## ...
.....#..###....#####..).##..# ##
.##.........#.............(#
.......#####...#####<###...#


You could see a gnoll sergeant.

Vanquished Creatures
  Sigmund (D:3)
  2 ice beasts (D:6)
  2 phantoms (D:7)
  2 sky beasts
  5 ogres
  A centaur (D:5)
  5 bullfrogs
  2 scorpions
  2 jellies
  A crimson imp (D:6)
  4 howler monkeys
  3 hounds
  2 orc priests (D:5)
  Crazy Yiuf (D:5)
  Jessica (D:2)
  An iguana (D:6)
  Ijyb (D:5)
  5 worker ants
  A hound zombie (D:6)
  8 gnolls
  10 adders
  A shadow imp (D:8)
  4 worms
  A dart slug (D:1)
  2 leopard geckos
  7 orcs
  12 giant cockroaches
  7 goblins
  8 hobgoblins
  11 jackals
  5 kobolds
  6 quokkas
  2 ball pythons
  3 bats
  3 frilled lizards
  A giant cockroach zombie (D:6)
  3 rats
136 creatures vanquished.

Vanquished Creatures (others)
  An ogre (D:5)
  A worm (D:2)
  A frilled lizard (D:2)
3 creatures vanquished.

Grand Total: 139 creatures vanquished

Notes
Turn   | Place    | Note
-------+----------+-------------------------------------------
     0 | Abyss:1  | Emblim88 the Spriggan Abyssal Knight began the quest for
                  | the Orb.
     0 | Abyss:1  | Reached XP level 1. HP: 11/11 MP: 3/3
    77 | Abyss:1  | Noticed a smoke demon
    78 | D:1      | Escaped the Abyss
   141 | D:1      | Reached skill level 4 in Dodging
   331 | D:1      | Reached XP level 2. HP: 16/16 MP: 4/4
   335 | D:1      | Reached * piety under Lugonu
   687 | D:2      | Found a radiant altar of Vehumet.
   704 | D:2      | Reached XP level 3. HP: 19/19 MP: 5/5
   989 | D:2      | Reached skill level 5 in Dodging
   989 | D:2      | Reached skill level 1 in Evocations
  1148 | D:2      | Reached XP level 4. HP: 17/23 MP: 6/6
  1216 | D:2      | Reached ** piety under Lugonu
  1237 | D:2      | Found a shattered altar of Ashenzari.
  1451 | D:2      | Noticed Jessica
  1496 | D:2      | Killed Jessica
  1496 | D:2      | Reached skill level 6 in Dodging
  1606 | D:3      | Noticed Sigmund
  1621 | D:3      | Killed Sigmund
  1621 | D:3      | Reached skill level 8 in Dodging
  1621 | D:3      | Reached XP level 5. HP: 28/28 MP: 7/7
  1682 | D:3      | Reached XP level 6. HP: 32/32 MP: 8/8
  1924 | D:3      | Learned a level 1 spell: Corona
  2438 | D:4      | Found a shimmering blue altar of Sif Muna.
  2807 | D:4      | Found a runed translucent gate.
  2808 | D:4      | Found a runed translucent gate.
  2808 | D:4      | Found a runed translucent gate.
  2815 | D:4      | Noticed Kohma's ghost (amateur DrIE)
  2824 | D:4      | Reached skill level 9 in Dodging
  3278 | D:5      | Entered Level 5 of the Dungeon
  3311 | D:5      | Reached skill level 10 in Dodging
  3567 | D:5      | Reached XP level 7. HP: 32/35 MP: 9/9
  3625 | D:5      | Noticed a manticore
  3936 | D:5      | Found a sacrificial altar of Ru.
  4528 | D:5      | Reached *** piety under Lugonu
  4702 | D:5      | Noticed Ijyb
  4750 | D:5      | Killed Ijyb
  4852 | D:5      | Found a runed translucent door.
  4853 | D:5      | Noticed Crazy Yiuf
  5028 | D:5      | Killed Crazy Yiuf
  5418 | D:6      | Found a sparkling altar of Nemelex Xobeh.
  5429 | D:6      | Reached XP level 8. HP: 37/40 MP: 11/11
  5921 | D:6      | You fall into a shaft and drop 2 floors!
  5921 | D:8      | Found Ycilampi's General Store.
  5928 | D:8      | Reached skill level 5 in Evocations
  6080 | D:8      | Bought a potion of curing for 39 gold pieces
  6080 | D:8      | Bought a potion of curing for 39 gold pieces
  6080 | D:8      | Bought a scroll of teleportation for 39 gold pieces
  6080 | D:8      | Bought a potion of haste for 130 gold pieces
  6250 | D:7      | Reached skill level 11 in Dodging
  7261 | D:6      | Found Loghamoe's Food Shop.
  7331 | D:7      | Reached XP level 9. HP: 44/45 MP: 14/14
  7392 | D:7      | Reached skill level 5 in Long Blades
  7466 | D:7      | Found a shimmering altar of Xom.
  7574 | D:7      | Found a staircase to the Ecumenical Temple.
  7664 | D:7      | Found a glowing golden altar of the Shining One.
  7766 | D:7      | Slain by a gnoll sergeant

Levels and vault maps discovered:
D:1:      psy_arrival_whirlpool, layout_rooms, kennysheep_pointless_box
D:2:      layout_loops_ring, fiery_altar_vehumet, nicolae_ashenzari_panopticon,
          uniq_jessica
D:3:      layout_basic, dk_noncrumbling_3, wad_floor_pattern_untrapped,
          uniq_sigmund
D:4:      layout_rooms, kennysheep_mini, first_ration, gammafunk_ghost_split
D:5:      kennysheep_big_flooded_room, layout_basic,
          nicolae_ru_sacrificial_ziggurat, uniq_crazy_yiuf_cottage, uniq_ijyb
D:6:      layout_gridville, nemelex_xobeh_ov_fountains_minmay, serial_shops,
          shop
D:7:      layout_rooms, nicolae_overflow_hidden_temple,
          minmay_temple_entry_waves, tso_metal_star
D:8:      layout_basic, lemuel_coloured_pillars_altar,
          ebering_ghost_inner_flame, serial_shops, shop

Skill      XL: |  1  2  3  4  5  6  7  8  9 |
---------------+----------------------------+-----
Dodging        | 4 5 8 10 11 | 11.5
Long Blades    | 2 3 4 5 |  5.4
Evocations     | 1 3 5 |  5.4
Fighting       | 3 4 |  4.5
Invocations    | 2 3 4 |  4.5

Action                   |  1- 3 |  4- 6 |  7- 9 || total
-------------------------+-------+-------+-------++-------
Melee: Falchion          |    61 |       |       ||    61
       Long sword        |    44 |   117 |   432 ||   593
Throw: Boomerang         |     6 |    10 |    66 ||    82
       Dart              |       |       |     2 ||     2
 Cast: Corona            |       |     1 |       ||     1
Invok: Depart the Abyss  |     1 |       |       ||     1
       Bend Space        |       |       |    10 ||    10
 Abil: Evoke Berserk Rag |     1 |     2 |       ||     3
  Use: Scroll            |       |     9 |     7 ||    16
       Potion            |       |       |     3 ||     3
 Stab: Sleeping          |     1 |     2 |     6 ||     9
  Eat: Ration            |       |     1 |     3 ||     4
Armor: Robe              |    10 |     5 |    37 ||    52
Dodge: Dodged            |   108 |   131 |   545 ||   784
       Rpst.: Falchion   |    21 |       |       ||    21
       Long sword        |    14 |    46 |   156 ||   216

Table legend:
 A = Non-vault XP
 B = Vault XP
 C = Vault XP percentage of total XP
 D = Non-vault monster count
 E = Vault monster count
 F = Vault count percentage of total count
                 A         B        C        D         E       F
            +---------+---------+-------+---------+---------+-------
      Total |    3299 |     336 |   9.2 |     131 |       5 |   3.7
            +---------+---------+-------+---------+---------+-------
        D:1 |      39 |       0 |   0.0 |      15 |       0 |   0.0
        D:2 |      79 |      37 |  31.9 |      28 |       1 |   3.4
        D:3 |      28 |     220 |  88.7 |      10 |       1 |   9.1
        D:4 |     230 |       0 |   0.0 |      10 |       0 |   0.0
        D:5 |     765 |      79 |   9.4 |      23 |       3 |  11.5
        D:6 |     637 |       0 |   0.0 |      21 |       0 |   0.0
        D:7 |    1086 |       0 |   0.0 |      14 |       0 |   0.0
        D:8 |     435 |       0 |   0.0 |      10 |       0 |   0.0
            +---------+---------+-------+---------+---------+-------
